 Dungeon Crawl Stone Soup version 0.22-a0-348-gd16d139 (webtiles) character file.

4 Goblin1989 the Vexing (level 1, -1/13 HPs)
             Began as a Vampire Enchanter on Apr 9, 2018.
             Slain by a giant cockroach (2 damage)
             ... on level 1 of the Dungeon.
             The game lasted 00:00:37 (123 turns).

Goblin1989 the Vexing (Vampire Enchanter)            Turns: 123, Time: 00:00:38

Health: -1/13      AC:  2    Str:  7    XL:     1   Next: 50%
Magic:  2/3        EV: 12    Int: 17    God:
Gold:   5          SH:  0    Dex: 14    Spells: 3/4 levels left

rFire    . . .     SeeInvis +   a - +1 dagger
rCold    . . .     Gourm    .   (no shield)
rNeg     + . .     Faith    .   b - +0 robe
rPois    .         Spirit   .   (no helmet)
rElec    .         Reflect  .   (no cloak)
rCorr    .         Harm     .   (no gloves)
MR       .....                  (no boots)
Stlth    +++.......             (no amulet)
HPRegen  0.04/turn              (no ring)
MPRegen  0.08/turn              (no ring)

@: no status effects
A: fangs 3, see invisible, unbreathing
a: no special abilities


You were on level 1 of the Dungeon.
You were not thirsty.

You visited 1 branch of the dungeon, and saw 1 of its levels.

You collected 5 gold pieces.

Inventory:

Hand Weapons
 a - a +1 dagger (weapon)
Armour
 b - a +0 robe (worn)
Potions
 q - a potion of blood {@q4}


   Skills:
 * Level 1.3 Short Blades
 - Level 2.1 Dodging
 + Level 4.5 Stealth
 - Level 2.0 Spellcasting
 * Level 4.6 Hexes


You had 3 spell levels left.
You knew the following spells:

 Your Spells              Type           Power        Failure   Level  Hunger
a - Corona                Hex            ###....      3%          1    #......


Dungeon Overview and Level Annotations

Branches:
Dungeon (1/15)

Altars:


Innate Abilities, Weirdness & Mutations

You have razor-sharp teeth.
You have supernaturally acute eyesight. (SInv)
You can survive without breathing.


Message History

No target in view!
No target in view!
No target in view!
No target in view!
No target in view!
No target in view!
No target in view!
No target in view!
No target in view!
No target in view!
No target in view!
No target in view!
Found a stone staircase leading down.
You now have 5 gold pieces.
A kobold comes into view. It is wielding a dagger.
The kobold shouts!
The kobold throws a stone.
The stone misses you.
The kobold throws a stone.
The stone hits you.
You see here a stone.
The kobold closely misses you.
You take 1 damage, and have 12/13 hp.
You hit the kobold.
You kill the kobold!
No target in view!
No target in view!
No target in view!
No target in view!
No target in view!
No target in view!
No target in view!
No target in view!
No target in view!
No target in view!
No target in view!
No target in view!
No target in view!
No target in view!
No target in view!
No target in view!
No target in view!
No target in view!
No target in view!
No target in view!
No target in view!
No target in view!
A hobgoblin comes into view.
A hobgoblin is nearby!
A hobgoblin is nearby!
The hobgoblin shouts!
You hear a shout!
A kobold comes into view.
You barely miss the hobgoblin. The hobgoblin barely misses you.
You hit the hobgoblin. Your bite misses the hobgoblin.
The hobgoblin is moderately wounded.
The hobgoblin hits you.
A giant cockroach comes into view.
You take 4 damage, and have 8/13 hp.
MASSIVE DAMAGE!!
You hit the hobgoblin. You bite the hobgoblin.
The hobgoblin is severely wounded.
The hobgoblin misses you.
You hit the hobgoblin.
You kill the hobgoblin!
A kobold comes into view. It is wielding a club.
You closely miss the kobold. You bite the kobold, but do no damage.
The kobold barely misses you.
A hobgoblin comes into view.
The hobgoblin shouts!
You hit the kobold. Your bite misses the kobold.
The kobold is moderately wounded.
You hear a shout!
The kobold hits you with a club.
* * * LOW HITPOINT WARNING * * *
The kobold misses you. The giant cockroach bites you.
* * * LOW HITPOINT WARNING * * *
You take 4 damage, and have 4/13 hp.
MASSIVE DAMAGE!!
The giant cockroach bites you but does no damage.
The giant cockroach barely misses you. The giant cockroach closely misses you.
Casting: Corona (safe; 3% risk of failure)
Confirm with . or Enter, or press ? or * to list all spells.
Aiming: Corona (safe; 3% risk of failure)
Press: ? - help, Shift-Dir - straight line, f - giant cockroach
Aim: a giant cockroach (clinging, chance to defeat MR: 71%)
The giant cockroach is outlined in light.
The giant cockroach bites you.
* * * LOW HITPOINT WARNING * * *
The giant cockroach barely misses you.
You take 1 damage, and have 4/13 hp.
You now have 2/3 mp.
You hit the giant cockroach but do no damage.
The giant cockroach bites you.
* * * LOW HITPOINT WARNING * * *
You take 1 damage, and have 3/13 hp.
You closely miss the giant cockroach. Your bite misses the giant cockroach.
The giant cockroach barely misses you.
You hit the giant cockroach but do no damage.
The giant cockroach bites you.
* * * LOW HITPOINT WARNING * * *
You take 2 damage, and have 1/13 hp.
You hit the giant cockroach but do no damage.
The giant cockroach bites you.
You die...

.≈≈..█ █...█..(█.█
.§§..█ █...█..██.█
.≈§..█ █..g██.██.███
.≈...█ █...K.K.....█
§≈..████...███.█g███
§...█ █........█K█
...██ █.....█..█K█
..██ ██...>.█..█s█
███ ██...██.█..█@█
█████....██.█..█.█
██.......██....█.█
.........█████....
.████..█.█ █.█.█
........... ....
██████████.█ █.█ .█
█.█ █


You could see a giant cockroach, a hobgoblin and 2 kobolds.

Vanquished Creatures
  A bat (D:1)
  A hobgoblin (D:1)
  A kobold (D:1)
3 creatures vanquished.

Notes
Turn   | Place    | Note
-------+----------+-------------------------------------------
     0 | D:1      | Goblin1989 the Vampire Enchanter began the quest for the Orb.
     0 | D:1      | Reached XP level 1. HP: 13/13 MP: 3/3
   123 | D:1      | Slain by a giant cockroach

Vault maps used:
D:1:      dpeg_arrival_concentric_ovals, minmay_tetromino_s4

Action                   || total
-------------------------++-------
Melee: Dagger            ||    12
       Bite              ||     2
 Cast: Corona            ||     1
Armor: Robe              ||     1
Dodge: Dodged            ||    11

Table legend:
 A = Spawn XP
 B = Non-spawn XP
 C = Spawn XP percentage of total XP
 D = Spawn monster count
 E = Non-spawn monster count
 F = Spawn count percentage of total count
 G = Total turns spent on level
                    A         B        C        D         E        F      G
               +---------+---------+-------+---------+---------+-------+---------
         Total |       0 |       6 |   0.0 |       0 |       3 |   0.0 |   123
               +---------+---------+-------+---------+---------+-------+---------
           D:1 |       0 |       6 |   0.0 |       0 |       3 |   0.0 |   123
               +---------+---------+-------+---------+---------+-------+---------

Vault maps used:
D:1:      dpeg_arrival_concentric_ovals, minmay_tetromino_s4
